 Dungeon Crawl Stone Soup version 0.27.0-66-gdc8fb28755 (webtiles) character file.

Game seed: 8014378785280546774

405 hawla the Grave Robber (level 6, -10/35 HPs)
             Began as a Deep Elf Necromancer on Aug 19, 2021.
             Mangled by Pikel (12 damage)
             ... on level 4 of the Dungeon.
             The game lasted 00:13:00 (5137 turns).

hawla the Grave Robber (Deep Elf Necromancer)       Turns: 5137, Time: 00:13:00

Health: -10/35     AC:  3    Str:  8    XL:     6   Next: 56%
Magic:  11/15      EV: 14    Int: 26    God:
Gold:   195        SH:  0    Dex: 21    Spells: 12/14 levels left

rFire    . . .     SeeInvis .   h - +1 dagger (speed)
rCold    . . .     Faith    .   (no shield)
rNeg     . . .     Spirit   .   a - +0 robe
rPois    .         Reflect  .   (no helmet)
rElec    .         Harm     .   (no cloak)
rCorr    .         Rampage  .   (no gloves)
Will     .....                  l - +0 pair of boots
Stlth    +++.......             (no amulet)
HPRegen  0.11/turn              d - ring of Fatigue {Str+3 Int+4 Dex+6}
MPRegen  0.14/turn              (no ring)

@: brilliant
A: no striking features
a: no special abilities


You were on level 4 of the Dungeon.
You visited 1 branch of the dungeon, and saw 4 of its levels.

You collected 195 gold pieces.

Inventory:

Hand Weapons
 h - a +1 dagger of speed (weapon)
Missiles
 f - 4 atropa-tipped darts
 k - 6 poisoned darts (quivered)
Armour
 a - a +0 robe (worn)
 l - a +0 pair of boots (worn)
Jewellery
 c - a ring of fire
 d - the ring of Fatigue (left hand) {Str+3 Int+4 Dex+6}
   (You acquired it on level 3 of the Dungeon)

   [ring of dexterity]

   Str:       It affects your strength (+3).
   Int:       It affects your intelligence (+4).
   Dex:       It affects your dexterity (+6).
 i - a +6 ring of intelligence
Wands
 b - a wand of flame (9)
Potions
 g - a potion of flight


   Skills:
 + Level 2.0 Fighting
 + Level 0.2 Throwing
 + Level 4.1 Dodging
 + Level 3.0 Stealth
 + Level 4.8 Spellcasting
 + Level 7.1 Necromancy
 + Level 1.0 Earth Magic


You had 12 spell levels left.
You knew the following spells:

 Your Spells              Type           Power      Damage    Failure   Level
a - Pain                  Necr           100%       1d9       1%          1
b - Animate Skeleton      Necr           100%       N/A       1%          1

Your spell library contained the following spells:

 Spells                   Type           Power      Damage    Failure   Level
 Vampiric Draining        Necr           30%        2d10      1%          3
 Animate Dead             Necr           30%        N/A       4%          4
 Summon Small Mammal      Summ           36%        N/A       8%          1
 Static Discharge         Conj/Air       9%         N/A       12%         2
 Agony                    Necr           60%        N/A       12%         5
 Call Canine Familiar     Summ           9%         N/A       24%         3
 Conjure Flame            Conj/Fire      9%         6-21      24%         3
 Ignite Poison            Fire/Tmut/Pois 9%         N/A       24%         3
 Summon Guardian Golem    Hex/Summ       9%         N/A       24%         3
 Sticky Flame             Conj/Fire      9%         2d3       61%         4
 Lightning Bolt           Conj/Air       4%         1d16      91%         5
 Maxwell's Capacitive Co  Air            4%         ∞         100%        8


Dungeon Overview and Level Annotations

Branches:
Dungeon (4/15)
 Temple: D:4-7

Altars:

Annotations:
D:4 Pikel


Message History

You hit Pikel but do no damage.
Pikel hits you with a +1 whip of electrocution!
Casting: Pain (safe; 1% risk of failure)
Confirm with . or Enter, or press ? or * to list all spells.
Aiming: Pain (safe; 1% risk of failure)
Press: ? - help, Shift-Dir - straight line, f/p - Pikel
Aim: Pikel, wielding a +1 whip of electrocution and wearing a +0 robe (poisoned, chance to affect: 84%) Pikel writhes in agony.
Pikel drinks a potion.
Pikel is healed!
Pikel looks more healthy.
Casting: Pain (safe; 1% risk of failure)
Confirm with . or Enter, or press ? or * to list all spells.
Aiming: Pain (safe; 1% risk of failure)
Press: ? - help, Shift-Dir - straight line, f/p - Pikel
Aim: Pikel, wielding a +1 whip of electrocution and wearing a +0 robe (chance to affect: 84%) Pikel writhes in agony.
Pikel misses you.
Casting: Pain (safe; 1% risk of failure)
Confirm with . or Enter, or press ? or * to list all spells.
Aiming: Pain (safe; 1% risk of failure)
Press: ? - help, Shift-Dir - straight line, f/p - Pikel
Aim: Pikel, wielding a +1 whip of electrocution and wearing a +0 robe (lightly wounded, chance to affect: 84%) Pikel writhes in agony!
Pikel hits you with a +1 whip of electrocution.
Casting: Pain (safe; 1% risk of failure)
Confirm with . or Enter, or press ? or * to list all spells.
Aiming: Pain (safe; 1% risk of failure)
Press: ? - help, Shift-Dir - straight line, f/p - Pikel
Aim: Pikel, wielding a +1 whip of electrocution and wearing a +0 robe (moderately wounded, chance to affect: 84%) Pikel writhes in agony!
The lemure shouts!
Pikel says, "I touched Geryon's horn once."
Pikel barely misses you.
You feel much better.
Pikel hits you with a +1 whip of electrocution.
You are electrocuted!!
Ouch! That really hurt!
You feel clever all of a sudden.
Pikel hits you with a +1 whip of electrocution!
* * * LOW HITPOINT WARNING * * *
You are electrocuted!
You die...

##.....## ##>.#
##.###..# #.##
##.## ##.# #.#
##.## #.# #.# ##.##
#.. #.## ##..# ##..
# #..## #..#(..###
..# ##..##
#)...(5(5#####.....
##..##
##...####5K@.......
##..# #...
###......#. #..#
#... ##.......
##.## ##.. #......
#..# #. #....##
##<## ##....# ##..#
###....## ##.###
.......## ##.##
#§§###5##


You could see Pikel and 3 lemures.

Vanquished Creatures
  Edmund (D:4)
  A phantom (D:3)
  A scorpion (D:3)
  An orc wizard (D:3)
  5 adders
  A worm (D:3)
  3 dart slugs
  6 orcs
  5 ball pythons
  2 endoplasms
  A giant cockroach (D:3)
  4 goblins
  4 hobgoblins
  6 jackals
  7 kobolds
  2 quokkas
  7 bats
  3 frilled lizards
  3 rats
63 creatures vanquished.

Notes
Turn   | Place    | Note
-------+----------+-------------------------------------------
     0 | D:1      | hawla the Deep Elf Necromancer began the quest for the Orb.
     0 | D:1      | Reached XP level 1. HP: 10/10 MP: 6/6
   291 | D:1      | Reached skill level 5 in Necromancy
   520 | D:1      | Reached XP level 2. HP: 14/15 MP: 6/8
  1368 | D:2      | Found a faded altar of an unknown god.
  1775 | D:2      | Reached XP level 3. HP: 17/20 MP: 5/9
  1795 | D:2      | Reached skill level 1 in Earth Magic
  1813 | D:3      | Learned a level 1 spell: Animate Skeleton
  2270 | D:2      | Reached skill level 1 in Fighting
  2462 | D:3      | Identified a scroll of acquirement
  2462 | D:3      | Acquired the ring of Fatigue {Str+3 Int+4 Dex+6}
  2473 | D:3      | Reached XP level 4. HP: 23/25 MP: 8/11
  2599 | D:3      | Noticed a phantom
  2661 | D:3      | Killed a phantom
  2662 | D:3      | Reached skill level 6 in Necromancy
  2662 | D:3      | Reached XP level 5. HP: 14/29 MP: 11/13
  4062 | D:3      | Reached XP level 6. HP: 33/35 MP: 14/14
  4306 | D:4      | Noticed Edmund
  4324 | D:4      | Killed Edmund
  4325 | D:4      | Reached skill level 7 in Necromancy
  4768 | D:4      | Noticed Pikel
  5137 | D:4      | Mangled by Pikel

Illustrated notes

Levels and vault maps discovered:
D:1:      heliophobic_arrival_dark_side_of_the_moon, layout_basic, minivault_19
D:2:      layout_rooms, hellmonk_ecumenical_altar_arch_garden, st_stairs_3
D:3:      layout_basic
D:4:      layout_layer_cave, minmay_temple_entry_fiery, uniq_edmund, uniq_pikel,
          uniq_eustachio

Skill      XL: |  1  2  3  4  5  6 |
---------------+-------------------+-----
Necromancy     | 5 6 7 |  7.1
Stealth        | 3 |  3.0
Dodging        | 3 4 |  4.1
Earth Magic    | 1 |  1.0
Fighting       | 1 2 |  2.0
Spellcasting   | 4 |  4.8
Throwing       | |  0.2

Action                   |  1- 3 |  4- 6 || total
-------------------------+-------+-------++-------
Melee: Dagger            |    26 |    97 ||   123
Throw: Dart              |       |    10 ||    10
 Cast: Pain              |    55 |    52 ||   107
       Animate Skeleton  |     4 |     3 ||     7
  Use: Scroll            |     4 |     6 ||    10
       Potion            |       |     4 ||     4
 Stab: Sleeping          |     2 |     1 ||     3
Armor: Robe              |    10 |     6 ||    16
       Skin              |       |    38 ||    38
Dodge: Dodged            |    23 |    41 ||    64
